 Dungeon Crawl Stone Soup version 0.31.0-11-ge490571c62 (webtiles) character file.

Game seed: 12690295352187638718

14736 Esekla the Thaumaturge (level 11, -2/50 HPs)
             Began as a Spriggan Warper on Feb 3, 2024.
             Was a High Priest of Vehumet.
             Succumbed to barbed spike wounds
             ... in a volcano.
             The game lasted 02:00:53 (15076 turns).

Esekla the Thaumaturge (Spriggan Warper)           Turns: 15076, Time: 02:00:53

Health: -2/50      AC:  7    Str: 17    XL:     11   Next: 92%
Magic:  18/30      EV: 24    Int: 27    God:    Vehumet [*****.]
Gold:   497        SH:  0    Dex: 19    Spells: 5/38 levels left

rFire   . . .        e - +2 dagger (elec)
rCold   . . .        (no shield)
rNeg    . . .        z - +4 robe of Augmentation {Str+4 Int+4 Dex+4}
rPois   +            (helmet restricted)
rElec   .            a - +0 cloak
rCorr   .            (gloves unavailable)
SInv    +            (boots unavailable)
Will    +....        (no amulet)
Stlth   +++          E - ring "Yfeughom" {Str+6 Int+4}
HPRegen 0.28/turn    D - ring of poison resistance
MPRegen 0.22/turn

%: no passive effects
@: weakened, spiked, very quick
A: very small, no large weapons, unfitting armour, see invisible, speed 3
a: Renounce Religion


You were in a volcano.
You worshipped Vehumet.
Vehumet was extremely pleased with you.
You visited 3 branches of the dungeon, and saw 12 of its levels.
You also visited: Volcano.

You collected 497 gold pieces.

Inventory:

Hand Weapons
 e - a +2 dagger of electrocution (weapon)
 f - a +2 falchion of flaming
 r - a +5 spear
 v - a +2 dagger of venom
Missiles
 k - a throwing net
 x - 10 boomerangs (quivered)
 A - 23 poisoned darts
 B - a curare-tipped dart
Armour
 a - a +0 cloak (worn)
 z - the +4 robe of Augmentation (worn) {Str+4 Int+4 Dex+4}
   (You took it off a hobgoblin on level 2 of the Dungeon)

   Str+4:     It affects your strength (+4).
   Int+4:     It affects your intelligence (+4).
   Dex+4:     It affects your dexterity (+4).
Magical Staves
 d - a staff of death
Jewellery
 h - a +5 ring of evasion
 D - a ring of poison resistance (right hand)
 E - the ring "Yfeughom" (left hand) {Str+6 Int+4}
   (You found it on level 1 of the Lair of Beasts)

   [ring of strength]

   Str+6:     It affects your strength (+6).
   Int+4:     It affects your intelligence (+4).
Wands
 C - a wand of iceblast (7)
Scrolls
 b - a scroll of fear
 i - 2 scrolls of brand weapon
 j - 2 scrolls of poison
 l - 2 scrolls of teleportation
 q - a scroll of vulnerability {unknown}
 s - a scroll of enchant armour {unknown}
 t - a scroll of enchant weapon {unknown}
 u - a scroll of amnesia {unknown}
 w - a scroll of blinking
 y - a scroll of silence
Potions
 c - a potion of ambrosia
 g - 2 potions of magic
 n - 2 potions of brilliance
 o - 2 potions of enlightenment
 p - a potion of resistance
 F - a potion of attraction
 G - a potion of lignification {unknown}
 I - a potion of invisibility {unknown}


   Skills:
 - Level 2.1 Fighting
 + Level 5.4 Short Blades
 + Level 0.1 Polearms
 + Level 2.6 Throwing
 * Level 9.6 Dodging
 + Level 4.0 Stealth
 * Level 14.3 Spellcasting
 * Level 0.1 Conjurations
 * Level 4.6 Necromancy
 + Level 5.7 Translocations
 * Level 2.3 Fire Magic
 - Level 6.3 Ice Magic
 * Level 4.6 Air Magic
 + Level 4.6 Alchemy


You had 5 spell levels left.
You knew the following spells:

 Your Spells              Type           Power      Damage    Failure   Level
a - Ozocubu's Armour      Ice            52%        N/A       1%          3
b - Blink                 Tloc           100%       N/A       1%          2
c - Irradiate             Conj/Alch      16%        3d17      8%          5
d - Vampiric Draining     Necr           44%        2d9       1%          3
h - Vhi's Electric Charg  Tloc/Air       94%        N/A       3%          4
k - Airstrike             Air            22%        2d(4-20)  1%          4
n - Ignite Poison         Fire/Alch      38%        N/A       1%          4
r - Frozen Ramparts       Ice            100%       1d16      1%          3
v - Mercury Vapours       Alch/Air       88%        N/A       1%          2
w - Fugue of the Fallen   Necr           44%        N/A       1%          3

Your spell library contained the following spells:

 Spells                   Type           Power      Damage    Failure   Level
 Freeze                   Ice            100%       1d10      1%          1
 Necrotise                Necr           100%       1d9       1%          1
 Lesser Beckoning         Tloc           100%       N/A       1%          2
 Gell's Gravitas          Tloc           50%        N/A       1%          3
 Hailstorm                Conj/Ice       36%        3d9       1%          3
 Inner Flame              Hex/Fire       25%        N/A       1%          3
 Teleport Other           Tloc           50%        N/A       1%          3
 Sticky Flame             Fire/Alch      38%        2d8       1%          4
 Summon Ice Beast         Ice/Summ       36%        N/A       2%          3
 Manifold Assault         Tloc           50%        N/A       2%          4
 Flame Wave               Conj/Fire      26%        2d8       4%          4
 Martyr's Knell           Necr/Summ      31%        N/A       11%         4
 Curse of Agony           Necr           44%        N/A       12%         5
 Sculpt Simulacrum        Ice/Alch       24%        N/A       41%         6
 Ignition                 Fire           16%        3d6       100%        8


Dungeon Overview and Level Annotations

Branches:
Dungeon (9/15)             Temple (1/1) D:4            Lair (2/5) D:9
    Orc (0/2) D:9         Volcano (1/1)
  Swamp: Lair:2-3    Shoals: Lair:2-3     Snake: Lair:2-3    Spider: Lair:2-3

Altars:
Ashenzari
Cheibriados
Dithmenos
Elyvilon
Fedhas
Hepliaklqana
Kikubaaqudgha
Makhleb
Nemelex Xobeh
Okawaru
Qazlal
Ru
Sif Muna
Trog
Uskayaw
Vehumet
Wu Jian
Xom
Yredelemnul
Zin

Annotations:
D:6 Jeremiah


Innate Abilities, Weirdness & Mutations

You are very small and have problems with some larger weapons.
You are too small for most types of armour.
You have supernaturally acute eyesight. (SInv)
You cover ground extremely quickly. (Speed+++)


Message History

You feel your attacks grow feeble.
The wall freezes the red ugly thing!
The red ugly thing completely misses you.
The red devil is frozen!
The wall freezes the red devil.
Casting: Mercury Vapours (safe; 1% risk of failure)
Confirm with . or Enter, or press ? or * to list all spells.
Aiming: Mercury Vapours (safe; 1% risk of failure)
Press: ? - help, Dir - move target, f/p - red ugly thing
Aim: a red ugly thing (heavily wounded, very poisoned, chance to weaken: 30%) Fumes of mercury billow around the red ugly thing!
The red ugly thing looks as sick as possible!
The wall freezes the red ugly thing.
The red ugly thing closely misses you.
The red devil is frozen!
The wall freezes the red devil!
The red devil hits you from afar with a +2 trident of flaming!
Barbed spikes become lodged in your body.
The red devil burns you. The heat melts your icy armour.
Okay, then.
Casting: Mercury Vapours (safe; 1% risk of failure)
Confirm with . or Enter, or press ? or * to list all spells.
Aiming: Vampiric Draining (safe; 1% risk of failure)
Press: ? - help, Shift-Dir - straight line, f/p - red ugly thing
Aim: a red ugly thing (heavily wounded, extremely poisoned)
You draw life force from the red ugly thing!
You feel life coursing into your body.
The wall freezes the red ugly thing!
The red ugly thing headbutts you.
You are engulfed in flames!!
The wall freezes the red devil.
The red devil closely misses you.
The wall freezes the smoke demon but does no damage.
The heat melts your icy armour.
Okay, then.
Your icy armour cracks and falls away as you move.
The frozen ramparts melt away as you move.
The barbed spikes dig painfully into your body as you move.
* * * LOW HITPOINT WARNING * * *
The red ugly thing attacks as it pursues you!
The red ugly thing misses you.
The barbed spikes dig painfully into your body as you move.
* * * LOW HITPOINT WARNING * * *
The barbed spikes dig painfully into your body as you move.
You die...

#.≈≈§§≈≈§§§§§≈≈≈≈≈≈≈≈..
#.§≈§≈§≈§§≈§§§§§≈≈≈≈...
#.§≈≈≈§§≈≈≈≈≈≈§§≈§§....
#..≈≈≈§§§§§≈≈≈§≈§....#.
#..§≈≈≈≈≈§§§≈§§.....##.
##...≈§§§≈≈≈§≈≈≈..#####
##.....≈≈≈≈≈§§....#
#.......≈≈≈≈≈...###
##....@..≈≈≈≈....#
##...##..≈≈....##
#8.8##......###
##u#####...## #4# #..##
##'## #### ##.3.##
#.....# #..∩..#


You could see a red ugly thing (extremely poisoned) and a red devil.

Vanquished Creatures
  A hydra (D:8)
  A two-headed ogre (D:9)
  A boulder beetle (D:8)
  An ugly thing (Volcano)
  A black mamba (Lair:1)
  4 cane toads
  A rime drake (Lair:1)
  A komodo dragon (Lair:1)
  2 kobold demonologists (D:9)
  2 dream sheep (D:8)
  2 wyverns
  2 basilisks
  21 yaks
  3 fire bats (Volcano)
  A steam dragon (D:9)
  A water moccasin (Lair:1)
  3 orc warriors
  An ice beast (D:5)
  2 sky beasts (D:7)
  2 black bears (D:9)
  2 ogres
  5 wolves (Lair:2)
  A centaur (D:6)
  A phantom (D:5)
  6 kobold brigands
  12 bullfrogs
  4 scorpions
  A gnoll sergeant (D:7)
  17 wights
  8 killer bees (D:9)
  2 electric eels (D:8)
  A bombardier beetle (D:4)
  A howler monkey (D:6)
  5 lava snakes (Volcano)
  Crazy Yiuf (D:2)
  3 jellies
  4 orc priests
  5 hounds
  3 sleepcaps
  Terence (D:2)
  2 iguanas (D:5)
  7 orc wizards
  Robin (D:2)
  11 gnolls
  9 adders
  A shadow imp (D:6)
  A white imp (D:7)
  6 ufetubi
  3 ribbon worms (D:4)
  2 dart slugs
  22 orcs
  A bat (D:3)
  4 endoplasms
  A giant cockroach (D:1)
  9 hobgoblins
  7 jackals (D:1)
  4 quokkas
  10 ball pythons
  A frilled lizard (D:2)
  17 goblins
  10 kobolds
  5 rats
270 creatures vanquished.

Notes
Turn   | Place    | Note
-------+----------+-------------------------------------------
     0 | D:1      | Esekla the Spriggan Warper began the quest for the Orb.
     0 | D:1      | Reached XP level 1. HP: 10/10 MP: 5/5
   204 | D:1      | Reached skill level 3 in Spellcasting
   204 | D:1      | Reached XP level 2. HP: 14/15 MP: 7/7
  1266 | D:2      | Noticed Terence
  1335 | D:2      | Reached XP level 3. HP: 15/18 MP: 8/8
  1518 | D:3      | Learned a level 2 spell: Blink
  1839 | D:4      | Found a staircase to the Ecumenical Temple.
  1852 | Temple   | Entered the Ecumenical Temple
  1857 | Temple   | Became a worshipper of Vehumet
  1969 | D:3      | Reached XP level 4. HP: 23/23 MP: 10/10
  2016 | D:3      | Identified the +2 ring mail "Wuonnas" {rPois rCorr Str+3}
  2317 | D:3      | Found a sparkling altar of Nemelex Xobeh.
  2340 | D:3      | Found an iron altar of Okawaru.
  2714 | D:2      | Found a runed translucent door.
  2715 | D:2      | Noticed Crazy Yiuf
  2945 | D:2      | Noticed Robin
  3259 | D:4      | Reached skill level 1 in Stealth
  3259 | D:4      | Reached skill level 4 in Spellcasting
  3515 | D:4      | Reached skill level 5 in Translocations
  3515 | D:4      | Reached XP level 5. HP: 19/26 MP: 12/12
  4200 | D:4      | Learned a level 3 spell: Ozocubu's Armour
  4204 | D:4      | Learned a level 3 spell: Fugue of the Fallen
  4360 | D:5      | Entered Level 5 of the Dungeon
  4522 | D:5      | Noticed a phantom
  4842 | D:5      | Reached skill level 5 in Dodging
  4935 | D:5      | Learned a level 3 spell: Frozen Ramparts
  5264 | D:5      | Reached * piety under Vehumet
  5264 | D:5      | Offered knowledge of Kiss of Death by Vehumet.
  5265 | D:5      | Reached skill level 1 in Ice Magic
  5265 | D:5      | Reached XP level 6. HP: 30/30 MP: 1/13
  5365 | D:5      | Found an ancient bone altar of Kikubaaqudgha.
  5455 | D:5      | Noticed an ice beast
  6358 | D:4      | Reached skill level 5 in Spellcasting
  6669 | D:2      | Killed Terence
  6766 | D:2      | Killed Robin
  6767 | D:2      | Reached XP level 7. HP: 31/35 MP: 3/15
  7394 | D:5      | Reached skill level 6 in Spellcasting
  7826 | D:2      | Killed Crazy Yiuf
  8139 | D:6      | Reached XP level 8. HP: 39/39 MP: 17/19
  8344 | D:6      | Reached skill level 7 in Spellcasting
  8479 | D:6      | Noticed Jeremiah
  8986 | D:7      | Found a snail-covered altar of Cheibriados.
  9050 | D:6      | Learned a level 3 spell: Vampiric Draining
  9226 | D:7      | Found an ornate altar of the Wu Jian Council.
  9275 | D:7      | Offered knowledge of Mercury Vapours by Vehumet.
  9276 | D:7      | Reached skill level 8 in Spellcasting
  9302 | D:7      | Learned a level 2 spell: Mercury Vapours
  9326 | D:7      | Reached skill level 5 in Ice Magic
  9330 | D:7      | Reached ** piety under Vehumet
  9331 | D:7      | Reached skill level 1 in Air Magic
  9331 | D:7      | Reached XP level 9. HP: 42/42 MP: 11/22
  9338 | D:7      | Reached skill level 1 in Necromancy
  9338 | D:7      | Reached skill level 1 in Alchemy
  9552 | D:7      | Reached skill level 9 in Spellcasting
 10321 | D:8      | Offered knowledge of Momentum Strike by Vehumet.
 10326 | D:8      | Reached skill level 10 in Spellcasting
 10883 | D:8      | Reached XP level 10. HP: 32/45 MP: 21/25
 11126 | D:8      | Noticed a boulder beetle
 11142 | D:8      | Killed a boulder beetle
 11142 | D:8      | Reached *** piety under Vehumet
 11535 | D:8      | Found a blossoming altar of Fedhas.
 11539 | D:8      | Found a hide-covered altar of Uskayaw.
 11542 | D:8      | Found a shadowy altar of Dithmenos.
 11670 | D:8      | Reached skill level 11 in Spellcasting
 11688 | D:8      | Noticed a three-headed hydra
 11703 | D:8      | Killed a three-headed hydra
 11996 | D:9      | Found a staircase to the Orcish Mines.
 12006 | D:9      | Found a shimmering blue altar of Sif Muna.
 12206 | D:9      | Offered knowledge of Ignite Poison by Vehumet.
 12214 | D:9      | Learned a level 4 spell: Ignite Poison
 12338 | D:9      | Found a staircase to the Lair.
 12413 | D:9      | Reached skill level 12 in Spellcasting
 12753 | D:9      | Reached **** piety under Vehumet
 12754 | D:9      | Reached skill level 5 in Short Blades
 12754 | D:9      | Reached XP level 11. HP: 48/48 MP: 23/28
 12949 | D:9      | Noticed a two-headed ogre
 12966 | D:9      | Killed a two-headed ogre
 12981 | D:9      | Offered knowledge of Airstrike by Vehumet.
 12996 | D:9      | Learned a level 4 spell: Airstrike
 13109 | D:9      | Learned a level 4 spell: Vhi's Electric Charge
 13138 | Lair:1   | Entered Level 1 of the Lair of Beasts
 13241 | Lair:1   | Identified the ring "Yfeughom" {Str+6 Int+4}
 13397 | Lair:1   | Reached skill level 1 in Fire Magic
 13694 | Lair:1   | Reached skill level 13 in Spellcasting
 14408 | Lair:2   | Reached skill level 14 in Spellcasting
 14411 | Lair:2   | Found a dark tunnel.
 14424 | Volcano  | Entered a volcano
 14629 | Volcano  | Reached ***** piety under Vehumet
 14779 | Volcano  | Offered knowledge of Irradiate by Vehumet.
 14803 | Volcano  | Learned a level 5 spell: Irradiate
 14929 | Volcano  | Noticed a red ugly thing
 14982 | Volcano  | Killed a red ugly thing
 15062 | Volcano  | Found a burning altar of Makhleb.
 15062 | Volcano  | Noticed a red ugly thing
 15076 | Volcano  | Succumbed to barbed spike wounds

Illustrated notes

Levels and vault maps discovered:
D:1:      matt_arrival_refuge, layout_basic, serial_aquarium,
          aquarium_bridge_long_joined [aquarium_subvault_wall,
          aquarium_subvault_wall, aquarium_subvault_bridge,
          aquarium_subvault_wall, aquarium_subvault_bridge,
          aquarium_subvault_wall], aquarium_bridge_square
          [aquarium_subvault_bridge, aquarium_subvault_window,
          aquarium_subvault_bridge, aquarium_subvault_bridge],
          aquarium_window_corridor_3, aquarium_window_fake,
          aquarium_window_corner, aquarium_view_2a, aquarium_pool_1
D:2:      layout_basic, grunt_ministairs_1, kennysheep_generic_room_12,
          uniq_crazy_yiuf_cottage, uniq_robin, uniq_terence
D:3:      layout_rooms, jmf_multi_god_temple2
D:4:      layout_basic, minmay_temple_entry_slanted
D:5:      layout_loops_cross, nicolae_kikubaaqudgha_miasma_corner,
          chequers_serial_rivers_room_a
D:6:      layout_rooms, uniq_jeremiah
D:7:      layout_basic, cheibriados_altar_1, nicolae_wu_jian_wuxing_cycle,
          reono_crystal_passage
D:8:      layout_basic, minmay_overflow_temple_star_quad, kennysheep_nub,
          hangedman_ranch
D:9:      layout_roguey, led_sif_pool, david_lair_generic, orc_0_dummy
Temple:   minmay_freezing_vapour_temple
Lair:1:   layout_hall_layers, grunt_megastairs_5
Lair:2:   layout_cave_pods, enter_volcano_2
Volcano:  volcano_grotto [vgs_original]

Skill      XL: |  1  2  3  4  5  6  7  8  9 10 11 |
---------------+----------------------------------+-----
Spellcasting   | 3 4 5 6 8 10 12 14 | 14.3
Dodging        | 4 5 6 7 8 9 |  9.6
Fighting       | 2 |  2.1
Stealth        | 1 2 3 4 |  4.0
Short Blades   | 3 4 5 |  5.4
Translocations | 5 |  5.7
Ice Magic      | 1 2 3 5 6 |  6.3
Air Magic      | 1 2 3 4 |  4.6
Necromancy     | 2 3 4 |  4.6
Alchemy        | 2 4 |  4.6
Throwing       | 2 |  2.6
Fire Magic     | 2 |  2.3
Polearms       | |  0.1
Conjurations   | |  0.1

Action                     |  1- 3 |  4- 6 |  7- 9 | 10-12 || total
---------------------------+-------+-------+-------+-------++-------
  Melee: Dagger            |   219 |   461 |   270 |   235 ||  1185
         Short sword       |     8 |       |       |       ||     8
         Punch             |     2 |     7 |     3 |     6 ||    18
         Spear             |       |     5 |     1 |     6 ||    12
  Throw: Dart              |     7 |       |       |    18 ||    25
         Boomerang         |       |       |    10 |    30 ||    40
   Cast: Blink             |     1 |     8 |     2 |     1 ||    12
         Ozocubu's Armour  |       |    17 |    30 |    38 ||    85
         Frozen Ramparts   |       |    24 |    35 |    40 ||    99
         Mercury Vapours   |       |       |       |    22 ||    22
         Ignite Poison     |       |       |       |    14 ||    14
         Vampiric Draining |       |       |       |     6 ||     6
         Airstrike         |       |       |       |     4 ||     4
         Vhi's Electric Ch |       |       |       |     3 ||     3
    Use: Scroll            |       |    11 |     4 |     4 ||    19
         Potion            |       |     2 |     1 |       ||     3
   Stab: Sleeping          |     3 |     4 |     4 |     5 ||    16
 Armour: Robe              |    55 |   125 |    69 |    76 ||   325
  Dodge: Dodged            |   172 |   418 |   230 |   257 ||  1077
